 Dungeon Crawl Stone Soup version 0.21-a0-278-ga722497 (webtiles) character file.

6171 motkurip the Cleaver (level 10, -22/66 HPs)
             Began as a Gargoyle Gladiator on Sept 20, 2017.
             Was a Priest of Makhleb.
             Annihilated by Urug
             ... wielding a +7 demon trident
              (41 damage)
             ... on level 11 of the Dungeon.
             The game lasted 00:22:39 (4829 turns).

motkurip the Cleaver (Gargoyle Gladiator)           Turns: 4829, Time: 00:22:40

Health: -22/66     AC: 17    Str: 18    XL:     10   Next: 91%
Magic:  10/10      EV: 12    Int:  9    God:    Makhleb [***...]
Gold:   468        SH:  4    Dex: 14    Spells: 8/9 levels left

rFire    . . .     SeeInvis .   u - +1 battleaxe
rCold    . . .     Gourm    .   (shield currently unavailable)
rNeg     + . .     Faith    .   K - +0 troll leather armour
rPois    ∞         Spirit   .   c - +1 helmet
rElec    +         Reflect  +   (no cloak)
rCorr    +         Harm     .   p - +2 pair of gloves
MR       .....                  (no boots)
Stlth    +.........             F - +4 amulet of reflection
HPRegen  0.61/turn              x - ring of flight
MPRegen  0.12/turn              R - ring of resist corrosion

@: no status effects
A: negative energy resistance 1, electricity resistance, unbreathing,
petrification resistance, rot immunity, AC +7
a: Minor Destruction, Lesser Servant of Makhleb, Renounce Religion, Evoke Flight


You were on level 11 of the Dungeon.
You worshipped Makhleb.
Makhleb was most pleased with you.
You were not hungry.

You visited 1 branch of the dungeon, and saw 11 of its levels.

You collected 618 gold pieces.
You spent 150 gold pieces at shops.

Inventory:

Hand Weapons
 a - a +0 war axe
 u - a +1 battleaxe (weapon)
 y - a +0 morningstar
Missiles
 d - 3 throwing nets (quivered)
 i - 7 tomahawks
Armour
 c - a +1 helmet (worn)
 p - a +2 pair of gloves (worn)
 C - a cursed +0 buckler
 E - a +0 chain mail
 H - a +0 plate armour
 K - a +0 troll leather armour (worn)
Jewellery
 o - an uncursed amulet of guardian spirit
 w - an uncursed amulet of the gourmand
 x - a ring of flight (left hand)
 F - a +4 amulet of reflection (around neck)
 R - a ring of resist corrosion (right hand)
Wands
 h - a wand of acid (5/15)
 r - a wand of confusion (10/48)
 D - a wand of acid (8/15)
 G - a wand of confusion (10/48)
 I - a wand of disintegration (2/24)
Scrolls
 b - 2 scrolls of teleportation
 e - 2 scrolls of amnesia
 j - a scroll of fear
 n - 6 scrolls of remove curse
 q - 4 scrolls of recharging
 L - 2 scrolls of fog {unknown}
 O - a scroll of blinking
 P - a scroll of vulnerability {unknown}
 Q - a scroll of magic mapping {unknown}
Potions
 g - 2 potions of flight {unknown}
 k - 3 potions of curing
 l - 2 potions of lignification
 m - a potion of berserk rage {unknown}
 t - a potion of invisibility {unknown}
 z - 2 potions of haste
 B - 3 potions of heal wounds
 J - a potion of mutation {unknown}
 N - a potion of cancellation {unknown}
Books
 v - a book of Cantrips

   Spells                             Type                      Level
   a - Confusing Touch                Hexes                        1
   b - Animate Skeleton               Necromancy                   1
   c - Summon Small Mammal            Summoning                    1
   d - Apportation                    Translocation                1
Comestibles
 f - 2 bread rations
 s - 9 meat rations
 A - 2 royal jellies
 M - a fruit
 S - a chunk of flesh


   Skills:
 + Level 9.3 Fighting
 * Level 11.5 Axes
 - Level 2.6 Throwing
 - Level 6.1 Armour
 - Level 2.4 Dodging


You had 8 spell levels left.
You knew the following spells:

 Your Spells              Type           Power        Failure   Level  Hunger
a - Apportation           Tloc           #.....       43%         1    ##.....


Dungeon Overview and Level Annotations

Branches:
Dungeon (11/15)            Temple (0/1) D:4            Lair (0/6) D:8
    Orc: D:9-12

Altars:
Fedhas
Gozag
Hepliaklqana
Makhleb
Uskayaw
Xom
Yredelemnul

Shops:
D:9 !

Annotations:
D:4 exclusion: oklob plant
D:8 Prince Ribbit
D:11 Urug


Innate Abilities, Weirdness & Mutations

You are resistant to torment.
Your stone body is resilient. (AC +7)
You are immune to poison.
You resist negative energy. (rN+)
You are resistant to electric shocks. (rElec)
You can survive without breathing.
You are immune to petrification.
You are immune to rotting.


Message History

This wand has 11 charges left.
You hear a shout!
The jelly hits you.
You are splashed with acid!
The acid burns!
You resist.
Evoke which item? (* to show all) (? for menu, Esc to quit)
Aiming: Confuse
Press: ? - help, Shift-Dir - straight line, f/p - Urug
Aim: Urug, wielding an enchanted demon trident and wearing a chain mail (lightly wounded, unusually strong, chance to defeat MR: 28%) Urug easily resists.
This wand has 10 charges left.
Urug hits you with an enchanted demon trident!!
* * * LOW HITPOINT WARNING * * *
The jelly barely misses you.
A kobold comes into view.
Unknown command.
As you read the scroll of fear, it crumbles to dust.
You assume a fearsome visage.
Urug easily resists.
The jelly looks frightened!
The big kobold looks frightened!
The kobold looks frightened! x2
The crimson imp is unaffected.
Urug hits you with an enchanted demon trident!!!
Ouch! That really hurt!
You die...

#.#.# #.#.#
##.#.# ##K...#
#####.....###.#
K.J...KK.....#
#######K#####.#
#J# #@# #o# .5.
..... ...$?..
.........
+.........+
#..........


You could see Urug, a big kobold (fleeing), a jelly (fleeing), a crimson imp and
3 kobolds.

Vanquished Creatures
  3 two-headed ogres (D:9)
  2 trolls
  A hippogriff (D:7)
  2 ice beasts
  2 phantoms
  An orc warrior (D:9)
  A sky beast (D:6)
  6 ogres
  A necrophage (D:8)
  2 wolves (D:8)
  A centaur (D:5)
  4 bullfrogs
  A gnoll sergeant (D:6)
  3 scorpions
  A wyvern skeleton (D:10)
  11 killer bees
  A howler monkey (D:4)
  An electric eel (D:8)
  4 crimson imps
  8 hounds
  2 orc priests
  A bullfrog zombie (D:8)
  3 jellies
  2 orc wizards
  A bullfrog skeleton (D:7)
  A centaur skeleton (D:8)
  Jessica (D:2)
  An iguana (D:7)
  4 worker ants
  A hound skeleton (D:4)
  2 worker ant zombies
  A howler monkey zombie (D:9)
  10 gnolls
  A howler monkey skeleton (D:5)
  11 adders
  2 shadow imps
  2 oozes (D:4)
  An adder zombie (D:9)
  A worm (D:3)
  2 dart slugs (D:1)
  3 leopard geckos
  23 orcs
  4 giant cockroaches
  7 goblins
  2 hobgoblins
  2 jackals (D:3)
  5 kobolds
  7 quokkas
  15 bats
  4 frilled lizards
  A leopard gecko skeleton (D:6)
  A leopard gecko zombie (D:5)
  A quokka zombie (D:6)
  7 rats
188 creatures vanquished.

Vanquished Creatures (others)
  19 toadstools (D:4)
19 creatures vanquished.

Grand Total: 207 creatures vanquished

Notes
Turn   | Place    | Note
-------+----------+-------------------------------------------
     0 | D:1      | motkurip the Gargoyle Gladiator began the quest for the Orb.
     0 | D:1      | Reached XP level 1. HP: 12/12 MP: 1/1
   133 | D:1      | Reached skill level 3 in Axes
   133 | D:1      | Reached XP level 2. HP: 12/18 MP: 2/2
   369 | D:2      | Reached XP level 3. HP: 16/22 MP: 3/3
   376 | D:2      | Noticed Jessica
   381 | D:2      | Killed Jessica
   446 | D:2      | Reached XP level 4. HP: 22/27 MP: 2/4
   594 | D:3      | Reached skill level 4 in Axes
   802 | D:3      | Reached XP level 5. HP: 32/32 MP: 5/5
   893 | D:3      | Found a hazy altar of Hepliaklqana.
   896 | D:3      | Found an opulent altar of Gozag.
   900 | D:3      | Found a burning altar of Makhleb.
   906 | D:3      | Became a worshipper of Makhleb the Destroyer
   912 | D:3      | Found a basalt altar of Yredelemnul.
  1055 | D:4      | Noticed an ogre
  1091 | D:4      | Killed an ogre
  1091 | D:4      | Reached skill level 5 in Axes
  1091 | D:4      | Reached skill level 1 in Armour
  1091 | D:4      | Reached XP level 6. HP: 14/38 MP: 3/6
  1490 | D:4      | Found a staircase to the Ecumenical Temple.
  1571 | D:4      | Reached XP level 7. HP: 43/43 MP: 7/7
  1617 | D:4      | Reached * piety under Makhleb
  1654 | D:4      | Found a blossoming altar of Fedhas.
  1677 | D:4      | Noticed an oklob plant
  1795 | D:5      | Entered Level 5 of the Dungeon
  1849 | D:5      | Reached skill level 6 in Axes
  2050 | D:5      | Reached XP level 8. HP: 45/48 MP: 8/8
  2207 | D:6      | Reached skill level 5 in Fighting
  2592 | D:6      | Reached skill level 7 in Axes
  2953 | D:7      | Reached ** piety under Makhleb
  2957 | D:7      | Noticed a hippogriff
  2962 | D:7      | Killed a hippogriff
  2962 | D:7      | Reached skill level 5 in Armour
  3047 | D:7      | Found a shimmering altar of Xom.
  3053 | D:7      | Found a hide-covered altar of Uskayaw.
  3107 | D:7      | Reached XP level 9. HP: 44/55 MP: 9/9
  3114 | D:7      | Reached skill level 8 in Axes
  3352 | D:8      | Noticed Prince Ribbit
  3379 | D:8      | Noticed a troll
  3402 | D:8      | Killed a troll
  3495 | D:8      | Reached skill level 9 in Axes
  3506 | D:8      | Found a shimmering altar of Xom.
  3591 | D:8      | Found a staircase to the Lair.
  3746 | D:9      | Found Doush's Distillery.
  3756 | D:9      | Bought a potion of heal wounds for 50 gold pieces
  3756 | D:9      | Bought a potion of haste for 100 gold pieces
  3789 | D:9      | Noticed a troll
  3805 | D:9      | Killed a troll
  3913 | D:9      | Noticed a two-headed ogre
  3926 | D:9      | Killed a two-headed ogre
  3926 | D:9      | Reached skill level 10 in Axes
  3926 | D:9      | Reached XP level 10. HP: 36/64 MP: 10/10
  4090 | D:9      | Noticed a two-headed ogre
  4110 | D:9      | Killed a two-headed ogre
  4246 | D:9      | Noticed a two-headed ogre
  4268 | D:9      | Killed a two-headed ogre
  4268 | D:9      | Reached skill level 11 in Axes
  4359 | D:10     | Entered Level 10 of the Dungeon
  4383 | D:10     | Reached *** piety under Makhleb
  4554 | D:10     | Learned a level 1 spell: Apportation
  4820 | D:11     | Noticed Urug
  4829 | D:11     | Annihilated by Urug

Vault maps used:
D:1:      kennysheep_arrival_seaside
D:2:      uniq_jessica
D:3:      grunt_temple_overflow_cloverleaf, first_bread
D:4:      temple_green, tgw_fedhas, uniq_menkaure
D:6:      kennysheep_six_static_rooms, basic_altar
D:7:      amethyst_overflow_temple_binary
D:8:      erik_lair_island, basic_altar, hangedman_pestilent_swarm,
          uniq_prince_ribbit1
D:9:      serial_shops, kennysheep_little_box, kennysheep_kite_vault
D:10:     eino_jars
D:11:     lab_entry_generic, minivault_11, lemuel_nasty_fountain, uniq_urug,
          uniq_sonja

Skill      XL: |  1  2  3  4  5  6  7  8  9 10 |
---------------+-------------------------------+-----
Axes           | 3 4 5 6 7 10 11 | 11.5
Throwing       | 2 |  2.6
Fighting       | 3 4 6 8 9 |  9.3
Armour         | 1 2 3 5 6 |  6.1
Dodging        | |  2.4

Action                   |  1- 3 |  4- 6 |  7- 9 | 10-12 || total
-------------------------+-------+-------+-------+-------++-------
Melee: War axe           |    56 |   148 |   182 |       ||   386
       Battleaxe         |       |       |   202 |   123 ||   325
Throw: Tomahawk          |       |     5 |     1 |       ||     6
       Throwing net      |       |       |     3 |       ||     3
Evoke: Wand              |       |     4 |    13 |    10 ||    27
  Use: Scroll            |       |     5 |     9 |     1 ||    15
 Stab: Sleeping          |     2 |       |       |       ||     2
       Confused          |       |     1 |     6 |     1 ||     8
       Held in net/web   |       |       |     1 |       ||     1
  Eat: Royal jelly       |       |     1 |     1 |       ||     2
       Chunk             |       |       |     6 |     3 ||     9
       Fruit             |       |       |       |     1 ||     1
Armor: Leather armour    |    41 |    15 |       |       ||    56
       Ring mail         |       |    69 |    58 |       ||   127
       Skin              |       |     1 |       |       ||     1
       Chain mail        |       |       |    40 |       ||    40
       Plate armour      |       |       |   145 |       ||   145
       Troll leather arm |       |       |    29 |    89 ||   118
Dodge: Dodged            |    38 |   101 |   209 |   119 ||   467
Block: Other             |       |       |    59 |    27 ||    86

Table legend:
 A = Spawn XP
 B = Non-spawn XP
 C = Spawn XP percentage of total XP
 D = Spawn monster count
 E = Non-spawn monster count
 F = Spawn count percentage of total count
 G = Total turns spent on level
                    A         B        C        D         E        F      G
               +---------+---------+-------+---------+---------+-------+---------
         Total |       0 |    8816 |   0.0 |       0 |     188 |   0.0 |  4829
               +---------+---------+-------+---------+---------+-------+---------
           D:1 |       0 |      27 |   0.0 |       0 |      14 |   0.0 |   266
           D:2 |       0 |      84 |   0.0 |       0 |      17 |   0.0 |   308
           D:3 |       0 |     149 |   0.0 |       0 |      27 |   0.0 |   714
           D:4 |       0 |     560 |   0.0 |       0 |      22 |   0.0 |   530
           D:5 |       0 |     397 |   0.0 |       0 |      14 |   0.0 |   371
           D:6 |       0 |     459 |   0.0 |       0 |      18 |   0.0 |   676
           D:7 |       0 |    1138 |   0.0 |       0 |      19 |   0.0 |   460
           D:8 |       0 |    1166 |   0.0 |       0 |      16 |   0.0 |   406
           D:9 |       0 |    4005 |   0.0 |       0 |      21 |   0.0 |   628
          D:10 |       0 |     691 |   0.0 |       0 |      16 |   0.0 |   406
          D:11 |       0 |     140 |   0.0 |       0 |       4 |   0.0 |    64
               +---------+---------+-------+---------+---------+-------+---------
